 Dungeon Crawl Stone Soup version 0.28-a0-245-g639a1a48b9 (webtiles) character file.

Game seed: 5106401914569888058

179 Spaninq the Ruffian (level 5, -1/44 HPs)
             Began as a Draconian Transmuter on Aug 25, 2021.
             Slain by a hornet zombie (2 damage)
             ... on level 4 of the Dungeon.
             The game lasted 00:07:29 (3327 turns).

Spaninq the Ruffian (Draconian Transmuter)          Turns: 3327, Time: 00:07:29

Health: -1/44      AC:  6    Str: 13    XL:     5   Next: 33%
Magic:  8/8        EV: 12    Int: 14    God:
Gold:   136        SH:  0    Dex: 11    Spells: 5/8 levels left

rFire   . . .      SeeInvis .     - Unarmed
rCold   . . .      Faith    .   (no shield)
rNeg    . . .      Spirit   .   (armour unavailable)
rPois   .          Reflect  .   (helmet currently unavailable)
rElec   .          Harm     .   (no cloak)
rCorr   .          Rampage  .   h - +0 pair of gloves
Will    .....                   (boots currently unavailable)
Stlth   +.........              (no amulet)
HPRegen 0.14/turn               (no ring)
MPRegen 0.11/turn               (no ring)

@: about to teleport, appendages (expiring), attractive
A: horns 2, talons 2, AC +5, unfitting armour, cold-blooded
a: End Transformation


You were on level 4 of the Dungeon.
You had temporarily grown beastly horns and talons.
You visited 1 branch of the dungeon, and saw 4 of its levels.

You collected 136 gold pieces.

Inventory:

Hand Weapons
 k - a +2 vorpal long sword
Armour
 h - a +0 pair of gloves (worn)
Wands
 j - a wand of polymorph (6)
Scrolls
 a - 2 scrolls of enchant weapon {unknown}
 b - a scroll of enchant armour {unknown}
 c - a scroll of vulnerability {unknown}
 d - a scroll of identify
 e - a scroll of teleportation
 g - a scroll of immolation {unknown}


   Skills:
 + Level 2.9 Fighting
 + Level 2.9 Dodging
 * Level 4.8 Unarmed Combat
 - Level 2.0 Spellcasting
 - Level 2.0 Transmutations


You had 5 spell levels left.
You knew the following spells:

 Your Spells              Type           Power      Damage    Failure   Level
a - Beastly Appendage     Tmut           14%        N/A       11%         1
b - Wereblood             Tmut           7%         N/A       16%         2

Your spell library contained the following spells:

 Spells                   Type           Power      Damage    Failure   Level
 Spider Form              Tmut/Pois      2%         N/A       43%         3
 Summon Guardian Golem    Hex/Summ       1%         N/A       56%         3
 Ice Form                 Ice/Tmut       4%         N/A       83%         4
 Orb of Destruction       Conj           0%         N/A       100%        7
 Spellforged Servitor     Conj/Summ      0%         N/A       100%        7


Dungeon Overview and Level Annotations

Branches:
Dungeon (4/15)
 Temple: D:4-7

Altars:


Innate Abilities, Weirdness & Mutations

You have temporarily grown beastly horns and talons.
Your plain brown scales are hard. (AC +5)
You cannot fit into any form of body armour.
You are cold-blooded and may be slowed by cold attacks.


Message History

The hornet zombie completely misses you.
The hornet zombie barely misses you.
Casting: Beastly Appendage (safe; 11% risk of failure)
Confirm with . or Enter, or press ? or * to list all spells.
You grow a pair of large bovine horns.
Your feet morph into talons.
The hornet zombie hits you!
You barely miss the hornet zombie. The hornet zombie hits you!
You closely miss the hornet zombie. Your kick misses the hornet zombie.
The hornet zombie hits you.
You hit the hornet zombie but do no damage.
The hornet zombie hits you!
You hit the worm but do no damage. You headbutt the worm.
The worm is moderately wounded.
You barely miss the worm. You claw the worm. You headbutt the worm!
You kill the worm!
Your transformation is almost over.
You hit the hornet zombie.
The hornet zombie is lightly damaged.
The hornet zombie hits you but does no damage.
You hit the hornet zombie.
The hornet zombie is lightly damaged.
The hornet zombie hits you.
* * * LOW HITPOINT WARNING * * *
The hornet zombie closely misses you.
It was a potion of magic.
Magic courses through your body. The hornet zombie hits you.
* * * LOW HITPOINT WARNING * * *
It was a potion of attraction.
You feel attractive to monsters. The hornet zombie closely misses you.
As you read the scroll labelled ITA CUPRIDD, it crumbles to dust.
It is a scroll of identify.
e - 2 scrolls of teleportation The hornet zombie hits you but does no damage.
The hornet zombie hits you but does no damage.
As you read the scroll of teleportation, it crumbles to dust.
You feel strangely unstable. The hornet zombie hits you!
* * * LOW HITPOINT WARNING * * *
The hornet zombie hits you.
You die...

### . ...# .
#.#####..##.# #
#.w..<......#
...####.#######
####.# ##
+.@Z.# #.
######


You could see a hornet zombie.

Vanquished Creatures
  2 gnolls
  7 adders
  A dart slug (D:1)
  3 worms
  4 orcs (D:3)
  8 ball pythons
  5 endoplasms
  7 giant cockroaches
  7 goblins
  10 hobgoblins
  2 quokkas
  6 bats
  4 frilled lizards
  8 kobolds
  8 rats
82 creatures vanquished.

Notes
Turn   | Place    | Note
-------+----------+-------------------------------------------
     0 | D:1      | Spaninq the Draconian Transmuter began the quest for the
                  | Orb.
     0 | D:1      | Reached XP level 1. HP: 16/16 MP: 3/3
   118 | D:1      | Reached XP level 2. HP: 22/23 MP: 3/5
   142 | D:1      | Learned a level 2 spell: Wereblood
   509 | D:1      | Reached XP level 3. HP: 29/29 MP: 3/6
  1086 | D:2      | Reached skill level 4 in Unarmed Combat
  1300 | D:2      | You fall into a shaft and drop 1 floor!
  1539 | D:2      | Reached XP level 4. HP: 30/36 MP: 5/7
  2555 | D:3      | Found a faded altar of an unknown god.
  2564 | D:3      | Reached XP level 5. HP: 38/42 MP: 6/8
  3327 | D:4      | HP: 1/44 [hornet zombie (9)]
  3327 | D:4      | Slain by a hornet zombie

Illustrated notes

Levels and vault maps discovered:
D:1:      beargit_arrival_greenhouse, layout_basic
D:2:      minmay_evil_eye, layout_loops_corners
D:3:      layout_loops_cross, ebering_ecumenical_altar_mist
D:4:      layout_basic, minmay_temple_entry_mini_moons, minmay_misc_feat_encased

Skill      XL: |  1  2  3 |
---------------+----------+-----
Dodging        | 2 |  2.9
Fighting       | 2 |  2.9
Unarmed Combat | 4 |  4.8
Spellcasting   | |  2.0
Transmutations | |  2.0

Action                   |  1- 3 |  4- 6 || total
-------------------------+-------+-------++-------
Melee: Unarmed           |   115 |   106 ||   221
       Kick              |    21 |    18 ||    39
       Tailslap          |     9 |     8 ||    17
       Headbutt          |     7 |    11 ||    18
 Cast: Beastly Appendage |    31 |    25 ||    56
       Wereblood         |     2 |     7 ||     9
  Use: Scroll            |       |     2 ||     2
       Potion            |       |     2 ||     2
Armor: Skin              |    26 |    33 ||    59
Dodge: Dodged            |    66 |    64 ||   130

Table legend: (Time is in decaauts)
 A = Elapsed time spent in this place.
 B = Non-inter-level travel time spent in this place.
 C = Inter-level travel time spent in this place.
 D = Time resting spent in this place.
 E = Time spent auto-exploring this place.
 F = Levels seen in this place.
 G = Mean time per level.
                   A        B        C        D        E       F      G
               +--------+--------+--------+--------+--------+-----+--------+
         Total |   3313 |   3202 |    111 |      2 |   2538 |   4 |  828.2 |
       Dungeon |   3313 |   3202 |    111 |      2 |   2538 |   4 |  828.2 |
               +--------+--------+--------+--------+--------+-----+--------+

Top non-repeatable levels by time:
     D:2: 1330 daAuts
     D:3: 1016 daAuts
     D:1: 946 daAuts
     D:4: 20 daAuts
